 Dungeon Crawl Stone Soup version 0.14-a0-1330-g3eed206 (webtiles) character file.

431 Chiseanne the Shooter (level 6, -2/46 HPs)
             Began as a Centaur Wanderer on Dec 6, 2013.
             Killed from afar by an orc wizard (9 damage)
             ... with a magic dart
             ... on Level 4 of the Dungeon.
             The game lasted 00:11:53 (4466 turns).

Chiseanne the Shooter (Centaur Wanderer)            Turns: 4466, Time: 00:11:53

HP  -2/46        AC  6     Str 15      XL: 6   Next: 15%
MP   5/5         EV  9     Int  9      God:
Gold 127         SH  0     Dex 10      Spells:  0 memorised,  5 levels left

rFire  . . .     SeeInvis .     w - +0,+2 bow
rCold  + . .     Clarity  .     b - +0 leather armour
rNeg   . . .     Conserve .     (no shield)
rPois  .         rCorr    .     c - +0 helmet
rElec  .         rRot     .     i - +0 cloak
SustAb . .       Spirit   .     (no gloves)
rMut   .         Warding  .     (no barding)
Saprov . . .     RndTele  +     (no amulet)
                                (no ring)
                                (no ring)

@: very quick, slightly resistant to hostile enchantments, very unstealthy
A: hooves 3, blurry vision 1, cold resistance 1, deformed body, herbivore 1,
speed 2, fast metabolism 1, frail 1, spit poison 1, teleportitis 1, tough skin
3, weak 1
a: Spit Poison


You were on level 4 of the Dungeon.
You were hungry.

You visited 1 branch of the dungeon, and saw 4 of its levels.

You collected 127 gold pieces.

Inventory:

Hand weapons
 a - a +1,+3 dagger of venom
 q - a +2 blowgun
 w - a +0,+2 bow (weapon)
Missiles
 e - 74 arrows (quivered)
 p - 11 poisoned arrows
 s - 18 poisoned needles
Armour
 b - a +0 leather armour (worn)
 c - a +0 helmet (worn)
 i - a +0 cloak (worn)
Comestibles
 f - 6 bread rations
 h - a meat ration
 t - a pear
 u - a chunk of hobgoblin flesh
Scrolls
 d - 2 scrolls of remove curse {unknown}
 g - 2 scrolls of recharging {unknown}
 j - 5 scrolls of identify {unknown}
 l - a scroll of random uselessness {unknown}
 m - a scroll of enchant weapon II
 n - a scroll of teleportation
 o - 5 scrolls of fear
 r - a scroll of noise {unknown}
Potions
 k - a potion of curing {unknown}
 v - a potion of mutation


   Skills:
 * Level 3.8 Fighting
 * Level 2.0 Short Blades
   Level 1.0 Long Blades
 * Level 6.5 Bows
 * Level 1.5 Armour
 * Level 2.0 Dodging
 - Level 1.2 Stealth


You had 5 spell levels left.
You didn't know any spells.

Dungeon Overview and Level Annotations

Branches:
Dungeon (4/16)
 Temple: D:4-7

Altars:
Ashenzari
Nemelex Xobeh


Innate Abilities, Weirdness & Mutations

You have hooves in place of feet.
Armour fits poorly on your strangely shaped body.
You digest meat inefficiently.
You cover ground very quickly.
You have a fast metabolism.
You have extremely tough skin (AC +3).
Your vision is a little blurry.
Your flesh is cold resistant.
You are frail (-10% HP).
You can spit poison.
Space occasionally distorts in your vicinity.
You are weak. (Str -2)


Message History

You shoot an arrow. The arrow hits the orc wizard.
The orc wizard is severely wounded.
You are feeling hungry.
The orc wizard closely misses you. The orc closely misses you.
The orc wizard hits you but does no damage.
The orc wizard casts a spell at you. The magic dart hits you!
* * * LOW HITPOINT WARNING * * *
An orc priest comes into view. It is wielding an orcish morningstar.
The orc wizard casts a spell at you. The magic dart hits you!
* * * LOW HITPOINT WARNING * * *
The orc wizard jeers to no one in particular.
The orc wizard mumbles some strange words.
The orc wizard blinks!
The orc wizard casts a spell.
The orc wizard blinks!
The orc wizard gestures at you while chanting.
The magic dart hits you!
You die...

#......................(.........
.................................
...............o.....(.###.......
........)............ยง.#
#.......
.......................###.......
...........).......o.............
.###.............................
.# #..............o..............
.###............@................
..................###............
..................# #............
.........###......###............
.........# #.....................
.........###.....................
..............<.............%....
................)................
.................................


You could see an orc wizard and 2 orcs.

Vanquished Creatures
  An ogre (D:4)
  A giant frog skeleton (D:4)
  A worker ant (D:4)
  2 iguanas
  Jessica (D:2)
  3 adders
  A worm (D:4)
  3 giant geckos
  2 oozes
  8 bats
  9 goblins
  14 hobgoblins
  3 jackals (D:2)
  8 kobolds
  3 ball pythons (D:1)
  9 giant cockroaches
  4 giant newts
  10 rats
83 creatures vanquished.

Notes
Turn   | Place    | Note
--------------------------------------------------------------
     0 | D:1      | Chiseanne, the Centaur Wanderer, began the quest for the Orb.
     0 | D:1      | Reached XP level 1. HP: 19/19 MP: 1/1
   183 | D:1      | Reached XP level 2. HP: 10/26 MP: 2/2
   935 | D:1      | Reached skill level 1 in Short Blades
  1460 | D:2      | Reached XP level 3. HP: 9/31 MP: 3/3
  1461 | D:2      | Gained mutation: You are frail (-10% HP). [potion of mutation]
  1461 | D:2      | Gained mutation: You can spit poison. [potion of mutation]
  1461 | D:2      | Gained mutation: Your vision is a little blurry. [potion of mutation]
  1462 | D:2      | Gained mutation: You are weak. (Str -2) [potion of mutation]
  1462 | D:2      | Gained mutation: Space occasionally distorts in your vicinity. [potion of mutation]
  1462 | D:2      | Gained mutation: Your flesh is cold resistant. [potion of mutation]
  1724 | D:2      | Noticed Jessica
  1745 | D:2      | Killed Jessica
  2216 | D:2      | Reached XP level 4. HP: 34/34 MP: 3/3
  2353 | D:2      | Reached skill level 5 in Bows
  3121 | D:3      | Found a shattered altar of Ashenzari.
  3971 | D:4      | Reached XP level 5. HP: 32/40 MP: 4/4
  4087 | D:4      | Found a sparkling altar of Nemelex Xobeh.
  4154 | D:4      | Reached skill level 1 in Armour
  4165 | D:4      | Paralysed by a potion of paralysis for 6 turns
  4198 | D:4      | Reached skill level 6 in Bows
  4417 | D:4      | Noticed an ogre
  4451 | D:4      | Killed an ogre
  4451 | D:4      | Reached XP level 6. HP: 31/46 MP: 5/5
  4466 | D:4      | Killed from afar by an orc wizard

Action                   |  1- 3 |  4- 6 || total
-------------------------+-------+-------++-------
Melee: Dagger            |    41 |    38 ||    79
 Fire: Bow               |    73 |    89 ||   162
  Use: Potion            |     2 |     4 ||     6
       Scroll            |       |     7 ||     7
